 Dungeon Crawl Stone Soup version 0.20.1-1-g8b1a95d (webtiles) character file.

53 Internecine the Chopper (level 3, 0/30 HPs)
             Began as a Hill Orc Skald on Oct 2, 2017.
             Slain by a worm (4 damage)
             ... on level 2 of the Dungeon.
             The game lasted 00:11:15 (1829 turns).

Internecine the Chopper (Hill Orc Skald)            Turns: 1829, Time: 00:11:16

Health: 0/30       AC:  3    Str: 13    XL:     3   Next: 87%
Magic:  5/5        EV: 11    Int: 13    God:
Gold:   83         SH:  0    Dex: 11    Spells: 4/5 levels left

rFire    . . .     SeeInvis .   a - +0 hand axe
rCold    . . .     Gourm    .   (no shield)
rNeg     . . .     Faith    .   b - +0 leather armour
rPois    .         Spirit   .   (no helmet)
rElec    .         Reflect  .   (no cloak)
rCorr    .         Harm     .   (no gloves)
MR       .....                  (no boots)
Stlth    +.........             (no amulet)
Regen    0.1/turn               (no ring)
MPRegen  0.1/turn               (no ring)

@: lethally poisoned (0 -> 0)
A: no striking features
a: no special abilities


You were on level 2 of the Dungeon.
You were not hungry.

You visited 1 branch of the dungeon, and saw 2 of its levels.

You collected 83 gold pieces.

Inventory:

Hand Weapons
 a - a +0 hand axe (weapon)
 e - a +0 short sword
 k - a +0 dagger
 p - a +0 whip of flaming
Missiles
 f - 60 stones (quivered)
 g - 61 sling bullets
 l - 31 bolts
 v - 63 arrows
Armour
 b - a +0 leather armour (worn)
 r - a +0 ring mail
 x - a +0 ring mail
Jewellery
 s - an uncursed ring of see invisible {unknown}
Scrolls
 j - a scroll of identify {unknown}
 m - 2 scrolls of magic mapping {unknown}
 t - a scroll of remove curse {unknown}
 y - a scroll of amnesia {unknown}
Potions
 i - 2 potions of haste {unknown}
 o - a potion of flight {unknown}
 q - a potion of agility {unknown}
 u - a potion of curing {unknown}
 z - a potion of might {unknown}
Books
 c - a book of Battle

   Spells                             Type                      Level
   a - Infusion                       Charms                       1
   b - Shroud of Golubria             Charms/Translocation         2
   c - Song of Slaying                Charms                       2
   d - Spectral Weapon                Hexes/Charms                 3
   e - Regeneration                   Charms/Necromancy            3
Comestibles
 d - a bread ration
 h - a meat ration
 n - 4 chunks of flesh
 w - a royal jelly


   Skills:
 + Level 2.8 Fighting
 + Level 3.1 Axes
 + Level 0.3 Throwing
 + Level 2.0 Armour
 + Level 1.8 Dodging
 + Level 0.1 Stealth
 + Level 1.8 Spellcasting
 + Level 3.0 Charms


You had 4 spell levels left.
You knew the following spells:

 Your Spells              Type           Power        Failure   Level  Hunger
a - Infusion              Chrm           #...         10%         1    ##.....


Dungeon Overview and Level Annotations

Branches:
Dungeon (2/15)

Altars:


Message History

The worm is lightly wounded.
You hit the worm.
The worm is moderately wounded.
You feel sick. The worm closely misses you.
You are too injured to fight recklessly!
You are too injured to fight recklessly!
You are too injured to fight recklessly!
You barely miss the worm.
The worm is moderately wounded.
The worm bites you!
* * * LOW HITPOINT WARNING * * *
You hit the worm.
The worm is moderately wounded.
You hit the worm.
The worm is severely wounded.
The worm bites you but does no damage.
You hit the worm.
The worm is almost dead.
You feel sick. The worm bites you.
You die...

.............#
.)..#######..# ....#
#..# ....# #..# ##..#
#..# ##..# #..# ....#
#..#
....#######..#########
###............)@>...#
. .#####.....w####.#.
# #.....(.......
##....#.####.#.
#.......# #.......#
#.(.S...# ##..........
#....(.####


You could see a worm.

Vanquished Creatures
  An adder (D:2)
  A gnoll (D:1)
  A worm (D:2)
  2 dart slugs (D:2)
  A giant cockroach (D:2)
  5 goblins
  4 hobgoblins
  3 bats
  5 kobolds
  3 rats
26 creatures vanquished.

Notes
Turn   | Place    | Note
-------+----------+-------------------------------------------
     0 | D:1      | Internecine the Hill Orc Skald began the quest for the Orb.
     0 | D:1      | Reached XP level 1. HP: 18/18 MP: 3/3
   424 | D:1      | Reached XP level 2. HP: 23/25 MP: 4/4
   895 | D:1      | You fall through a shaft!
   937 | D:2      | Reached XP level 3. HP: 29/30 MP: 5/5
  1485 | D:2      | Found a faded altar of an unknown god.
  1829 | D:2      | Slain by a worm

Skill      XL: |  1  2  3 |
---------------+----------+-----
Axes           | 3 |  3.1
Charms         | 3 |  3.0
Armour         | 2 |  2.0
Fighting       | |  2.8
Throwing       | |  0.3
Dodging        | |  1.8
Stealth        | |  0.1
Spellcasting   | |  1.8

Action                   || total
-------------------------++-------
Melee: Hand axe          ||   109
Throw: Stone             ||    35
  Eat: Chunk             ||     3
Armor: Leather armour    ||    30
Dodge: Dodged            ||    69
